 Dungeon Crawl Stone Soup version 0.23.1-41-g7e51ed3 (webtiles) character file.

Game seed: 15064472570123401787

3756 Truthflux the Basher (level 9, -10/78 HPs)
             Began as a Minotaur Monk on Mar 24, 2019.
             Was an Elder of Nemelex Xobeh.
             Mangled by a guardian serpent (shapeshifter) (13 damage)
             ... on level 10 of the Dungeon on Mar 29, 2019.
             The game lasted 00:30:08 (8778 turns).

Truthflux the Basher (Minotaur Monk)                Turns: 8778, Time: 00:30:09

Health: -10/78     AC: 13    Str: 18    XL:     9   Next: 94%
Magic:  11/11      EV:  6    Int:  7    God:    Nemelex Xobeh [****..]
Gold:   595        SH:  0    Dex: 16    Spells: 8/8 levels left

rFire    . . .     SeeInvis .   Q - +1 morningstar (holy)
rCold    . . .     Gourm    +   r - +0 shield
rNeg     . . .     Faith    .   J - +0 plate armour
rPois    .         Spirit   .   (helmet restricted)
rElec    .         Reflect  .   (no cloak)
rCorr    .         Harm     .   i - +0 pair of gloves
MR       .....                  (no boots)
Stlth    ..........             e - amulet of the gourmand
HPRegen  0.23/turn              n - +2 ring of dexterity
MPRegen  0.12/turn              G - ring of flight

@: confused
A: retaliatory headbutt, horns 2
a: Draw Escape, Draw Destruction, Draw Summoning, Triple Draw, Deal Four,
Renounce Religion, Evoke Flight


You were on level 10 of the Dungeon.
You worshipped Nemelex Xobeh.
Nemelex Xobeh was greatly pleased with you.
You were not hungry.

You visited 2 branches of the dungeon, and saw 11 of its levels.

You collected 595 gold pieces.

Inventory:

Hand Weapons
 a - a +0 hand axe
 h - a +1 mace of protection
 w - a +0 flail of holy wrath
 A - a +4 whip
 C - the +7 dagger "Zumy" {flame, rN+ Int-3 SInv Stlth+, unknown}
   (You found it on level 7 of the Dungeon)

   It has been specially enchanted to burn those struck by it, causing extra
   injury to most foes and up to half again as much damage against particularly
   susceptible opponents.
   It affects your intelligence (-3).
   It protects you from negative energy.
   It lets you see invisible.
   It makes you more stealthy.
 Q - a +1 morningstar of holy wrath (weapon)
Armour
 b - a +3 leather armour
 i - a +0 pair of gloves (worn)
 r - a +0 shield (worn)
 t - a +0 ring mail
 v - a +1 robe of the Archmagi
 J - a +0 plate armour (worn)
Jewellery
 e - an amulet of the gourmand (around neck)
 n - a +2 ring of dexterity (left hand)
 z - an uncursed ring of ice
 D - an uncursed ring of magical power
 G - a ring of flight (right hand)
Wands
 q - a wand of flame (25)
 x - a wand of disintegration (10)
 B - a wand of clouds (5)
 N - a wand of iceblast (8)
Scrolls
 d - 9 scrolls of remove curse
 f - 2 scrolls of magic mapping {unknown}
 g - a scroll of amnesia {unknown}
 j - 3 scrolls of fear
 k - 2 scrolls of immolation {unknown}
 p - 6 scrolls of identify
 u - 2 scrolls of teleportation {unknown}
 y - a scroll of blinking {unknown}
 E - 2 scrolls of random uselessness {unknown}
 I - 2 scrolls of enchant weapon {unknown}
 P - a scroll of noise {unknown}
Potions
 l - 3 potions of heal wounds {unknown}
 m - 2 potions of flight
 o - a potion of curing {unknown}
 s - 2 potions of degeneration {unknown}
 F - a potion of lignification {unknown}
 H - a potion of haste {unknown}
 K - a potion of resistance
 L - a potion of might {unknown}
 M - a potion of cancellation {unknown}
 O - 2 potions of mutation {unknown}
Comestibles
 c - 19 rations


   Skills:
 + Level 6.5 Fighting
 - Level 4.0(9.0) Axes
 * Level 12.2(12.4) Maces & Flails
 + Level 4.5 Armour
 - Level 5.0 Dodging
 - Level 1.6 Stealth
 + Level 5.2 Shields
 * Level 4.3 Invocations


You had 8 spell levels left.
You didn't know any spells.
Your spell library contained the following spells:

 Spells                   Type           Power        Failure   Level  Hunger
 Magic Dart               Conj           #...         100%        1    ##.....
 Blink                    Tloc           N/A          100%        2    ###....
 Call Imp                 Summ           #.......     100%        2    ###....
 Slow                     Hex            #.......     100%        2    ###....
 Conjure Flame            Conj/Fire      #.......     100%        3    ####...
 Mephitic Cloud           Conj/Pois/Air  #.......     100%        3    ####...


Dungeon Overview and Level Annotations

Branches:
Dungeon (10/15)            Temple (1/1) D:4
   Lair: D:8-11         Orc: D:9-12

Altars:
Ashenzari
Cheibriados
Dithmenos
Elyvilon
Fedhas
Gozag
Hepliaklqana
Kikubaaqudgha
Makhleb
Nemelex Xobeh
Okawaru
Qazlal
Ru
Sif Muna
Trog
Uskayaw
Vehumet
Wu Jian
Xom
Yredelemnul
Zin
The Shining One
Lugonu

Shops:
D:8 [[

Annotations:
D:6 3 runed translucent doors, appiemonkey's ghost, novice NaFi
D:10 1 transporter


Innate Abilities, Weirdness & Mutations

You reflexively headbutt those who attack you in melee.
You have a pair of horns on your head.


Message History

The harpy screeches!
The rime drake changes into a yak!
The harpy claws you!
* * * LOW HITPOINT WARNING * * *
The harpy claws you but does no damage. The harpy claws you!
* * * LOW HITPOINT WARNING * * *
The harpy claws you.
* * * LOW HITPOINT WARNING * * *
The guardian serpent barely misses you.
The small abomination hits you but does no damage.
Found a transporter.
Okay, then.
You're too confused!
Press: ? - help, v - describe, . - travel
Here: a purple ugly thing The floor.
Unknown command.
You closely miss the harpy. The harpy barely misses you.
The harpy claws you but does no damage. The guardian serpent hits you!
You die...
Your body glows slightly and disappears.

...........#.. ##
####......... ##.
..##........ #.?##
###..#........ ©..)##
##..#u#........
#...###...###..o.o...
#.###...x...###{.###...#
##...##.HSu.##....# ....
#....©#©@Y..#o{...# ....
#....##.xu.u##...## ...
#..###.......###.# .. .
#...###...#### ....##
##..#. #(..# ###.. ##.)
.# ### #


You could see 3 ugly things, a guardian serpent shaped shifter, a yak shaped
shifter, a harpy shaped shifter, an orc warrior and 2 small abominations.

Vanquished Creatures
  Psyche (D:8)
  A hippogriff (D:9)
  A wyvern (D:8)
  Edmund (D:5)
  2 water moccasins (D:8)
  2 orc warriors (D:8)
  2 sky beasts
  7 ogres
  A wolf (D:8)
  6 bullfrogs
  4 scorpions
  3 wights (D:8)
  2 howler monkeys
  3 crimson imps
  2 centaur skeletons
  A hound (D:6)
  A bullfrog skeleton (D:9)
  3 orc priests
  6 orc wizards
  Ijyb (D:3)
  2 iguanas (D:7)
  5 worker ants
  A hound skeleton (D:9)
  A hound zombie (D:6)
  A howler monkey skeleton (D:4)
  2 worker ant zombies
  8 adders
  3 shadow imps
  4 oozes
  3 adder skeletons
  3 worms (D:3)
  2 dart slugs
  4 leopard geckos
  21 orcs
  A ball python (D:1)
  3 giant cockroaches
  4 hobgoblins
  10 jackals
  3 quokkas
  6 bats
  4 frilled lizards
  2 goblins
  5 kobolds
  A leopard gecko zombie (D:5)
  3 quokka skeletons
  4 rats
156 creatures vanquished.

Vanquished Creatures (others)
  An orc priest (D:7)
  2 orcs (D:7)
3 creatures vanquished.

Grand Total: 159 creatures vanquished

Notes
Turn   | Place    | Note
-------+----------+-------------------------------------------
     0 | D:1      | Truthflux the Minotaur Monk began the quest for the Orb.
     0 | D:1      | Reached XP level 1. HP: 19/19 MP: 0/0
   127 | D:1      | Reached XP level 2. HP: 15/27 MP: 1/1
   991 | D:2      | Reached XP level 3. HP: 23/33 MP: 2/2
  1057 | D:2      | Reached skill level 1 in Maces & Flails
  1511 | D:3      | Noticed Ijyb
  1533 | D:3      | Killed Ijyb
  1533 | D:3      | Reached skill level 2 in Maces & Flails
  1533 | D:3      | Reached XP level 4. HP: 36/41 MP: 3/3
  2172 | D:3      | Reached skill level 3 in Maces & Flails
  2269 | D:3      | Reached XP level 5. HP: 46/47 MP: 4/4
  2449 | D:4      | Found an iron altar of Okawaru.
  2497 | D:4      | Reached skill level 4 in Maces & Flails
  2602 | D:4      | Noticed an ogre
  2614 | D:4      | HP: 1/47 [ogre/+0 giant club (25)]
  2848 | D:3      | Upgraded the game from 0.23.1-37-gaa34b87 to
                  | 0.23.1-38-g628c18f
  2890 | D:4      | Found a bloodstained altar of Trog.
  2974 | D:4      | Reached skill level 1 in Armour
  2974 | D:4      | Reached skill level 1 in Shields
  2978 | D:4      | Reached XP level 6. HP: 8/55 MP: 5/5
  3255 | D:4      | Found a staircase to the Ecumenical Temple.
  3267 | D:4      | Reached skill level 5 in Maces & Flails
  3522 | D:4      | Reached skill level 5 in Fighting
  3522 | D:4      | Reached skill level 6 in Maces & Flails
  3522 | D:4      | Reached XP level 7. HP: 61/61 MP: 6/6
  3665 | Temple   | Entered the Ecumenical Temple
  3773 | Temple   | Became a worshipper of Nemelex Xobeh the Trickster
  3773 | Temple   | Received a gift from Nemelex Xobeh
  3773 | Temple   | Received a gift from Nemelex Xobeh
  3773 | Temple   | Reached * piety under Nemelex Xobeh
  3773 | Temple   | Reached ** piety under Nemelex Xobeh
  3803 | D:5      | Entered Level 5 of the Dungeon
  3865 | D:5      | Found a deep blue altar of Sif Muna.
  3911 | D:5      | Noticed Edmund
  3943 | D:5      | Killed Edmund
  3943 | D:5      | Reached skill level 1 in Invocations
  4066 | D:5      | Found a shimmering altar of Xom.
  4207 | D:5      | Received a gift from Nemelex Xobeh
  4292 | D:5      | Reached skill level 7 in Maces & Flails
  4302 | D:5      | Upgraded the game from 0.23.1-38-g628c18f to
                  | 0.23.1-41-g7e51ed3
  4335 | D:5      | Found a sacrificial altar of Ru.
  4668 | D:6      | Found a runed translucent gate.
  4668 | D:6      | Found a runed translucent gate.
  4673 | D:6      | Found a runed translucent gate.
  4675 | D:6      | Noticed appiemonkey's ghost (novice NaFi)
  4988 | D:6      | Reached skill level 5 in Dodging
  4988 | D:6      | Reached XP level 8. HP: 14/68 MP: 8/8
  5339 | D:6      | Reached skill level 8 in Maces & Flails
  5746 | D:7      | Got a transparent dagger
  5775 | D:7      | Reached *** piety under Nemelex Xobeh
  5781 | D:7      | Found an opulent altar of Gozag.
  5801 | D:7      | Reached skill level 9 in Maces & Flails
  5995 | D:7      | Found a radiant altar of Vehumet.
  6003 | D:7      | Found a sacrificial altar of Ru.
  6015 | D:7      | Received a gift from Nemelex Xobeh
  6316 | D:7      | Received a gift from Nemelex Xobeh
  6675 | D:8      | Found Sibles's Armour Shop.
  6715 | D:8      | Noticed Psyche
  6719 | D:8      | Reached skill level 10 in Maces & Flails
  6806 | D:8      | Reached XP level 9. HP: 66/75 MP: 10/10
  6815 | D:8      | Found Korchag's Antique Armour Boutique.
  6955 | D:8      | Killed Psyche
  6955 | D:8      | Reached skill level 11 in Maces & Flails
  7256 | D:8      | Received a gift from Nemelex Xobeh
  7550 | D:8      | Reached **** piety under Nemelex Xobeh
  7853 | D:9      | Reached skill level 12 in Maces & Flails
  7853 | D:9      | Reached skill level 5 in Shields
  7873 | D:9      | Found a shattered altar of Ashenzari.
  7923 | D:9      | Found a hide-covered altar of Uskayaw.
  7923 | D:9      | Received a gift from Nemelex Xobeh
  8044 | D:9      | Found a basalt altar of Yredelemnul.
  8753 | D:10     | Entered Level 10 of the Dungeon
  8766 | D:10     | Found a transporter.
  8766 | D:10     | Noticed a rime drake
  8766 | D:10     | Noticed a cyan ugly thing
  8768 | D:10     | Found a corrupted altar of Lugonu.
  8768 | D:10     | Noticed a white ugly thing
  8769 | D:10     | Noticed a spiny frog
  8769 | D:10     | a tarantella changed into a spiny frog
  8770 | D:10     | Noticed a harpy
  8770 | D:10     | a spiny frog changed into a harpy
  8771 | D:10     | Noticed a purple ugly thing
  8772 | D:10     | Noticed an orb spider
  8772 | D:10     | Noticed a guardian serpent
  8772 | D:10     | an orb spider changed into a guardian serpent
  8775 | D:10     | Found the +3 sling "Punk" {acid, rCorr}
  8777 | D:10     | Found a transporter.
  8777 | D:10     | a rime drake changed into a yak
  8777 | D:10     | HP: 3/78 [harpy (shapeshifter) (2)]
  8778 | D:10     | Mangled by a guardian serpent (shapeshifter)

Skill      XL: |  1  2  3  4  5  6  7  8  9 |
---------------+----------------------------+-----
Axes           | 4 |  4.0
Fighting       | 4 5 6 |  6.5
Maces & Flails | 2 3 4 6 7 10 12 | 12.2
Dodging        | 4 5 |  5.0
Armour         | 1 2 3 4 |  4.5
Shields        | 1 2 3 5 |  5.2
Invocations    | 1 3 4 |  4.3
Stealth        | |  1.6

Action                   |  1- 3 |  4- 6 |  7- 9 || total
-------------------------+-------+-------+-------++-------
Melee: Hand axe          |    23 |       |       ||    23
       Headbutt          |    10 |    26 |   105 ||   141
       Mace              |    38 |   101 |   327 ||   466
       Whip              |       |       |    17 ||    17
       Morningstar       |       |       |    35 ||    35
 Abil: Draw Destruction  |       |       |     2 ||     2
       Draw Escape       |       |       |     1 ||     1
  Use: Scroll            |       |     2 |     1 ||     3
       Potion            |       |     1 |       ||     1
 Stab: Sleeping          |     3 |       |     4 ||     7
  Eat: Ration            |     1 |     1 |     1 ||     3
       Chunk             |       |     2 |    14 ||    16
Armor: Robe              |    18 |     1 |       ||    19
       Ring mail         |       |    46 |       ||    46
       Leather armour    |       |     6 |    62 ||    68
       Plate armour      |       |       |    62 ||    62
Dodge: Dodged            |    50 |    56 |   104 ||   210
Block: Shield            |       |    39 |   148 ||   187
